 Dungeon Crawl Stone Soup version 0.27-a0-1196-g3e9cee4cb2 (webtiles) character file.

Game seed: 6952595412710964305

28 mordus the Magician (level 3, 0/27 HPs)
             Began as a Djinni Fire Elementalist on May 28, 2021.
             Killed from afar by Sigmund (1 damage)
             ... with a puff of flame
             ... on level 2 of the Dungeon.
             The game lasted 00:04:03 (1057 turns).

mordus the Magician (Djinni Fire Elementalist)      Turns: 1057, Time: 00:04:04

Health: 0/27       AC:  2    Str:  7    XL:     3   Next: 27%
Gold:   94         EV: 12    Int: 17    God:
                   SH:  0    Dex: 13

rFire    + + .     SeeInvis .   (no weapon)
rCold    x . .     Faith    .   (no shield)
rNeg     . . .     Spirit   .   a - +0 robe
rPois    ∞         Reflect  .   (no helmet)
rElec    .         Harm     .   (no cloak)
rCorr    .         Rampage  .   (no gloves)
Will     .....                  (boots unavailable)
Stlth    ++........             (no amulet)
HPRegen  0.09/turn              (no ring)
MPRegen  0.00/turn              (no ring)

@: flying
A: sickness immunity, fire resistance 2, cold vulnerability 1, float, innate
caster, hp casting, extra vitality 1
a: no special abilities


You were on level 2 of the Dungeon.
You visited 1 branch of the dungeon, and saw 2 of its levels.

You collected 94 gold pieces.

Inventory:

Armour
 a - a +0 robe (worn)
Scrolls
 b - a scroll of identify {unknown}
 e - a scroll of silence {unknown}
 f - a scroll of noise {unknown}
Potions
 c - a potion of heal wounds {unknown}
 d - a potion of curing {unknown}
 g - a potion of lignification {unknown}


   Skills:
 + Level 1.1 Fighting
 + Level 2.7 Dodging
 - Level 1.5 Stealth
 * Level 2.9 Spellcasting


You couldn't memorise any spells.
You knew the following spells:

 Your Spells              Type           Power      Damage    Failure   Level
a - Foxfire               Conj/Fire      48%        2x1d6     5%          1
b - Conjure Flame         Conj/Fire      12%        6-21      16%         3
c - Inner Flame           Hex/Fire       12%        N/A       16%         3
d - Sticky Flame          Conj/Fire      12%        2d4       47%         4
e - Fireball              Conj/Fire      6%         3d5       83%         5
f - Shock                 Conj/Air       48%        1d6       5%          1
Your spell library was empty.

Dungeon Overview and Level Annotations

Branches:
Dungeon (2/15)

Altars:

Annotations:
D:2 Sigmund


Innate Abilities, Weirdness & Mutations

You are immune to sickness and miasma.
You are immune to poison.
Your flesh is very heat resistant. (rF++)
You are vulnerable to cold. (rC-)
You float through the air rather than walking.
You learn spells naturally, not from books.
Your magical power is your life essence.
You have superior vitality. (+4 HP)


Message History

Found a stone staircase leading up.
There is a stone staircase leading up here.
Found 15 stones.
g - a viscous orange potion Sigmund the Dreaded comes into view.
He is wielding a +0 scythe.
Casting: Shock (safe; 5% risk of failure)
Confirm with . or Enter, or press ? or * to list all spells.
Okay, then.
Casting: Shock (safe; 5% risk of failure)
Confirm with . or Enter, or press ? or * to list all spells.
You conjure some foxfire!
Casting: Foxfire (safe; 5% risk of failure)
Confirm with . or Enter, or press ? or * to list all spells.
You conjure some foxfire!
Sigmund completely misses you.
The foxfire hits Sigmund.
Sigmund is lightly wounded.
The foxfire hits Sigmund.
Sigmund is lightly wounded.
The foxfire hits Sigmund but does no damage.
Sigmund is lightly wounded.
Sigmund points at you and mumbles some strange words.
You are confused.
You're too confused to cast spells.
Unknown command.
You bump into the rock wall.
Sigmund points at you and mumbles some strange words.
The magic dart hits you.
You bump into the rock wall.
Sigmund barely misses you. Sigmund hits you with a +0 scythe.
You bump into the rock wall.
Sigmund casts a spell at you. The magic dart hits you!
Sigmund hits you from afar with a +0 scythe!
* * * LOW HITPOINT WARNING * * *
You are too confused!
You bump into the rock wall.
You feel less confused.
Sigmund points at you and mumbles some strange words.
The puff of flame hits you. You resist.
You die...

#.#...##
#.##.##
#.##.# #.##.#
#.##.# #.##.#
#.##.#
#.######.##.#
.........@..#
....####.##.#
........@# #
...######


You could see Sigmund.

Vanquished Creatures
  2 bats (D:1)
  6 endoplasms (D:1)
  A giant cockroach (D:1)
  2 goblins (D:1)
  2 quokkas
  3 ball pythons (D:1)
  2 frilled lizards
  6 kobolds (D:1)
24 creatures vanquished.

Vanquished Creatures (others)
  47 foxfires
47 creatures vanquished.

Grand Total: 71 creatures vanquished

Notes
Turn   | Place    | Note
-------+----------+-------------------------------------------
     0 | D:1      | mordus the Djinni Fire Elementalist began the quest for the
                  | Orb.
     0 | D:1      | Reached XP level 1. HP: 15/15 MP: 0/0
   206 | D:1      | Reached XP level 2. HP: 20/22 MP: 0/0
   485 | D:1      | Reached skill level 1 in Fighting
   488 | D:1      | Reached XP level 3. HP: 8/27 MP: 0/0
   488 | D:1      | Learned a level 1 spell: Shock
  1045 | D:2      | Noticed Sigmund
  1056 | D:2      | HP: 1/27 [Sigmund/+0 scythe (11)]
  1057 | D:2      | Killed from afar by Sigmund

Illustrated notes

Levels and vault maps discovered:
D:1:      eino_arrival_water_cross, layout_rooms, minmay_tall_x
D:2:      layout_loops_ring, basic_altar, shapermc_ecumenical_altar_mp_vishouse,
          uniq_sigmund

Skill      XL: |  1  2 |
---------------+-------+-----
Fighting       | 1 |  1.1
Dodging        | |  2.7
Stealth        | |  1.5
Spellcasting   | |  2.9

Action                   || total
-------------------------++-------
Melee: Unarmed           ||     4
 Cast: Foxfire           ||    30
       Shock             ||     4
Armor: Robe              ||     4
Dodge: Dodged            ||    20

Table legend: (Time is in decaauts)
 A = Elapsed time spent in this place.
 B = Non-inter-level travel time spent in this place.
 C = Inter-level travel time spent in this place.
 D = Time resting spent in this place.
 E = Time spent auto-exploring this place.
 F = Levels seen in this place.
 G = Mean time per level.
                   A        B        C        D        E       F      G
               +--------+--------+--------+--------+--------+-----+--------+
         Total |   1056 |   1027 |     29 |    209 |    627 |   2 |  528.0 |
       Dungeon |   1056 |   1027 |     29 |    209 |    627 |   2 |  528.0 |
               +--------+--------+--------+--------+--------+-----+--------+

Top non-repeatable levels by time:
     D:1: 982 daAuts
     D:2: 74 daAuts
